 Dungeon Crawl Stone Soup version 0.30.0-17-ge0270778cf (webtiles) character file.

Game seed: 821420742540730441

1064 Brutalitops the Chopper (level 8, -2/49 HPs)
             Began as a Tengu Fighter on May 21, 2023.
             Was a Follower of Trog.
             Succumbed to a hornet's poison
             ... on level 5 of the Dungeon.
             The game lasted 00:12:04 (2880 turns).

Brutalitops the Chopper (Tengu Fighter)             Turns: 2880, Time: 00:12:05

Health: -2/49      AC:  9    Str: 19    XL:     8   Next: 27%
Magic:  9/9        EV:  9    Int:  9    God:    Trog [*.....]
Gold:   193        SH: 10    Dex: 13    Spells: 7/7 levels left

rFire   . . .        k - +0 hand axe (flame)
rCold   . . .        c - +0 buckler
rNeg    . . .        l - +0 chain mail
rPois   .            (helmet restricted)
rElec   .            (no cloak)
rCorr   .            (no gloves)
SInv    .            (boots unavailable)
Will    .....        e - amulet of reflection Stlth
                     (no ring)
HPRegen 0.28/turn    (no ring)
MPRegen 0.11/turn

%: reflection
@: lethally poisoned (-2 -> -22), on berserk cooldown, flying quickly and
evasively, slowed, very slow
A: beak, talons 3, nimble flight
a: Renounce Religion, Berserk


You were on level 5 of the Dungeon.
You worshipped Trog.
Trog was aware of your devotion.
You visited 1 branch of the dungeon, and saw 5 of its levels.
You also visited: Ossuary.

You collected 193 gold pieces.

Inventory:

Hand Weapons
 a - a +0 war axe
 k - a +0 hand axe of flaming (weapon)
 q - a +0 battleaxe
Missiles
 f - 5 javelins (quivered)
 n - 3 poisoned darts
Armour
 c - a +0 buckler (worn)
 l - a +0 chain mail (worn)
Jewellery
 e - an amulet of reflection (around neck)
 x - an amulet of the acrobat
Scrolls
 g - 3 scrolls of silence
 o - 3 scrolls of magic mapping {unknown}
 r - a scroll of fear {unknown}
 s - 2 scrolls of amnesia {unknown}
 t - 3 scrolls of teleportation {unknown}
 u - a scroll of immolation {unknown}
 w - 2 scrolls of enchant weapon {unknown}
Potions
 b - 3 potions of curing
 d - a potion of might
 h - 2 potions of mutation {unknown}
 i - 3 potions of haste
 j - 2 potions of resistance
 m - 2 potions of magic {unknown}
 p - a potion of berserk rage {unknown}
 v - a potion of lignification {unknown}


   Skills:
 + Level 5.1 Fighting
 + Level 7.3 Axes
 + Level 0.5 Throwing
 + Level 5.1 Armour
 + Level 1.5 Dodging
 + Level 0.2 Stealth
 + Level 4.5 Shields


You had 7 spell levels left.
You didn't know any spells.
Your spell library contained the following spells:

 Spells                   Type           Power      Damage    Failure   Level
 Shock                    Conj/Air       0%         1d3       98%         1
 Cigotuvi's Dreadful Rot  Necr/Pois/Air  0%         N/A       99%         2
 Call Canine Familiar     Summ           0%         N/A       100%        3
 Ignite Poison            Fire/Tmut/Pois 0%         N/A       100%        3
 Portal Projectile        Hex/Tloc       0%         N/A       100%        3
 Swiftness                Air            0%         N/A       100%        3
 Airstrike                Air            0%         2d(0-16)  100%        4
 Leda's Liquefaction      Hex/Erth       0%         N/A       100%        4
 Freezing Cloud           Conj/Ice/Air   0%         6-21      100%        5


Dungeon Overview and Level Annotations

Branches:
Dungeon (5/15)            Ossuary (visited)
 Temple: D:4-7

Altars:
Trog


Innate Abilities, Weirdness & Mutations

You have a beak for a mouth.
You have claws for feet.
Your magical nature lets you fly swiftly and evasively.


Message History

Your peck misses the hornet.
The hornet is almost dead.
You feel sick.
The hornet stings you but does no damage.
The hornet closely misses you.
You hit the hornet but do no damage. Your kick misses the hornet.
The hornet is almost dead.
You feel sick. The hornet stings you.
You are more poisoned.
You suddenly lose the ability to move!
You feel yourself speed up.
You feel very sick. The hornet stings you.
You feel yourself slow down. The hornet stings you.
* * * LOW HITPOINT WARNING * * *
You are lethally poisoned!
You feel as though you will be slow longer.
* * * LOW HITPOINT WARNING * * *
You feel very sick. The hornet stings you.
* * * LOW HITPOINT WARNING * * *
You are more poisoned.
You feel as though you will be slow longer.
You can move again.
You are too berserk!
You slash the hornet! You burn the hornet.
You kill the hornet!
Trog accepts your kill.
* * * LOW HITPOINT WARNING * * *
You feel very sick.
Your Fighting skill increases to level 5!
Your Armour skill increases to level 5!
You are too berserk!
Unknown command.
* * * LOW HITPOINT WARNING * * *
You feel very sick.
You feel a strong urge to attack something.
You are no longer berserk.
You are exhausted.
You feel as though you will be slow longer.
You die...

#.......#.#.#
######.###..#.#
#...## ##.#.#
#.##.###.##.##
# ##.#.###..
##.## #.. #.#
#.# #)# #(#
#.####@#
#...<=.#
########


There were no monsters in sight!

Vanquished Creatures
  A hornet (D:5)
  3 ogres
  A centaur (D:5)
  An elf zombie (Ossuary)
  2 scorpions (D:4)
  2 human zombies
  A sleepcap (D:4)
  An iguana (D:4)
  4 mummies (Ossuary)
  8 adders
  A white imp (D:5)
  An ufetubus (D:4)
  An adder zombie (Ossuary)
  3 worms
  4 dart slugs
  12 orcs (D:4)
  9 ball pythons
  11 endoplasms
  5 giant cockroaches
  A gnoll zombie (Ossuary)
  11 hobgoblins
  2 quokkas (D:2)
  3 bats
  2 frilled lizards
  5 goblins
  A hobgoblin zombie (Ossuary)
  A jackal zombie (Ossuary)
  10 kobolds
  3 kobold zombies (Ossuary)
  2 orc zombies (Ossuary)
  10 rats
  A rat zombie (Ossuary)
123 creatures vanquished.

Notes
Turn   | Place    | Note
-------+----------+-------------------------------------------
     0 | D:1      | Brutalitops the Tengu Fighter began the quest for the Orb.
     0 | D:1      | Reached XP level 1. HP: 14/14 MP: 2/2
   122 | D:1      | Reached XP level 2. HP: 19/19 MP: 3/3
   582 | D:1      | Reached XP level 3. HP: 23/23 MP: 4/4
   649 | D:2      | Reached skill level 3 in Axes
   801 | D:2      | Reached XP level 4. HP: 27/28 MP: 5/5
   809 | D:2      | Found a faded altar of an unknown god.
  1452 | D:3      | Reached skill level 4 in Axes
  1452 | D:3      | Gained mutation: Your magical nature lets you fly swiftly
                  | and evasively. [Tengu growth]
  1452 | D:3      | Reached XP level 5. HP: 32/32 MP: 6/6
  1457 | D:3      | Found a bloodstained altar of Trog.
  1645 | D:3      | Became a worshipper of Trog the Wrathful
  1789 | D:4      | Found a sand-covered staircase.
  1804 | Ossuary  | Entered an ossuary
  1816 | Ossuary  | Reached * piety under Trog
  1820 | Ossuary  | Reached XP level 6. HP: 30/37 MP: 7/7
  1826 | Ossuary  | Reached skill level 5 in Axes
  1826 | Ossuary  | Reached skill level 1 in Dodging
  2147 | D:4      | Reached XP level 7. HP: 38/43 MP: 8/8
  2268 | D:4      | Reached skill level 6 in Axes
  2699 | D:5      | Entered Level 5 of the Dungeon
  2837 | D:5      | Reached skill level 7 in Axes
  2837 | D:5      | Reached XP level 8. HP: 43/48 MP: 9/9
  2864 | D:5      | Noticed a hornet
  2869 | D:5      | Paralysed by a hornet for 1 turns
  2875 | D:5      | Paralysed by a hornet for 3 turns
  2878 | D:5      | Killed a hornet
  2879 | D:5      | Reached skill level 5 in Fighting
  2879 | D:5      | Reached skill level 5 in Armour
  2880 | D:5      | Succumbed to a hornet's poison

Illustrated notes

Levels and vault maps discovered:
D:1:      eino_arrival_water_star, layout_basic, feat_on_display
D:2:      layout_basic, hellmonk_ecumenical_altar_heavens_door
D:3:      layout_basic, mainiacjoe_overflow_catwalk
D:4:      layout_basic, enter_ossuary_3, item_on_display_a
D:5:      layout_loops_ring, lemuel_temple_firewalk_b, minmay_mini_ossuary

Skill      XL: |  1  2  3  4  5  6  7  8 |
---------------+-------------------------+-----
Axes           | 3 4 5 7 |  7.3
Armour         | 4 5 |  5.1
Dodging        | 1 |  1.5
Shields        | 4 |  4.5
Fighting       | 4 5 |  5.1
Throwing       | |  0.5
Stealth        | |  0.2

Action                     |  1- 3 |  4- 6 |  7- 9 || total
---------------------------+-------+-------+-------++-------
  Melee: War axe           |    80 |    10 |       ||    90
         Peck              |    11 |    22 |     2 ||    35
         Kick              |    12 |    40 |    12 ||    64
         Hand axe          |       |   120 |    43 ||   163
  Throw: Javelin           |     4 |       |     3 ||     7
 Invoke: Berserk           |       |     1 |     2 ||     3
    Use: Scroll            |     2 |     4 |     1 ||     7
         Potion            |       |     1 |       ||     1
 Armour: Scale mail        |    19 |     6 |       ||    25
         Chain mail        |       |    51 |    11 ||    62
  Dodge: Dodged            |    33 |    51 |     8 ||    92
  Block: Buckler           |    45 |    69 |    21 ||   135
         Reflection        |       |       |     1 ||     1
